[Event "Titled Tuesday Blitz March 28 Early 2023"]
[White "Hasangatin, Ramil"]
[Black "Anton Guijarro, David"]
[WhiteFideId "4122160"]
[BlackFideId "2285525"]
[WhiteElo "2275"]
[BlackElo "2618"]
[Result "0-1"]
[Round "09"]
[TimeControl "180+2"]
[Date "2023.03.28"]
[WhiteClock "0:00:03"]
[BlackClock "0:00:20"]

1. e4 c5 2. Nf3 Nc6 3. Bb5 e6 4. Bxc6 bxc6 5. d3 Qc7 6. e5 f6 7. Qe2 fxe5 8. Nxe5 Nf6 9. f4 Be7 10. O-O O-O 11. Nd2 a5 12. a4 Nd5 13. Ne4 d6 14. Nc4 Nb4 15. Ng3 e5 16. fxe5 Rxf1+ 17. Nxf1 d5 18. Nd6 Be6 19. c3 Na6 20. Bf4 Rf8 21. Qd2 Qb8 22. h3 d4 23. c4 Nb4 24. Bg3 Qd8 25. Qe2 Bg5 26. Ne4 Qe7 27. Nxg5 Qxg5 28. Rd1 Rxf1+ 29. Rxf1 Qxg3 30. Rf3 Qg6 31. Qf1 h6 32. g4 Kh7 33. Kh2 h5 34. gxh5 Qxh5 35. Rf4 Qxe5 36. Qf2 Qg5 37. Rh4+ Kg8 38. Re4 Nxd3 39. Qf3 Bf5 40. Re8+ Kh7 0-1


[Site "https://www.chess.com"]

[Event "Titled Tuesday Blitz March 28 Early 2023"]
[White "Dominguez Perez, Leinier"]
[Black "Csonka, Balazs"]
[WhiteFideId "3503240"]
[BlackFideId "742910"]
[WhiteElo "2647"]
[BlackElo "2404"]
[Result "1-0"]
[Round "09"]
[TimeControl "180+2"]
[Date "2023.03.28"]
[WhiteClock "0:00:46"]
[BlackClock "0:00:15"]

1. e4 e6 2. d4 d5 3. Nc3 Nf6 4. e5 Nfd7 5. f4 c5 6. Nf3 Nc6 7. Be3 cxd4 8. Nxd4 Qb6 9. Qd2 Qxb2 10. Rb1 Qa3 11. Bb5 Nxd4 12. Bxd4 a6 13. Bxd7+ Bxd7 14. Rb3 Qe7 15. Rxb7 Rc8 16. O-O Qd8 17. Qf2 Rxc3 18. Bxc3 Qc8 19. Rb3 Ba4 20. Bd4 Bxb3 21. axb3 Be7 22. c3 O-O 23. b4 Qc4 24. Ra1 Rc8 25. f5 exf5 26. Qxf5 g6 27. Qd7 Rc7 28. Qe8+ Bf8 29. e6 Re7 30. exf7+ Rxf7 31. Re1 Qd3 32. h3 Qd2 33. Kh2 Qf4+ 34. Kh1 Qd2 35. Qe6 Bg7 36. Rf1 1-0


[Site "https://www.chess.com"]

[Event "Titled Tuesday Blitz March 28 Early 2023"]
[White "Bitoon, Richard"]
[Black "Bacrot, Etienne"]
[WhiteFideId "5201110"]
[BlackFideId "605506"]
[WhiteElo "2374"]
[BlackElo "2663"]
[Result "0-1"]
[Round "09"]
[TimeControl "180+2"]
[Date "2023.03.28"]
[WhiteClock "0:00:07"]
[BlackClock "0:00:05"]

1. e4 c5 2. c3 Nf6 3. e5 Nd5 4. d4 cxd4 5. Nf3 d6 6. cxd4 dxe5 7. dxe5 Nc6 8. Bc4 Be6 9. O-O g6 10. Ng5 Bg7 11. Nxe6 fxe6 12. Qg4 Nxe5 13. Bb5+ Kf7 14. Qh3 Qb6 15. Na3 Rhf8 16. Bh6 Bxh6 17. Qxh6 Kg8 18. Rae1 Rxf2 19. Rxf2 Qxf2+ 20. Kxf2 Ng4+ 21. Kg3 Nxh6 22. Rxe6 Kf7 23. Re5 e6 24. Bc4 Kf6 25. Re1 Rc8 26. h3 a6 27. Bb3 Nf5+ 28. Kf2 Nd4 29. Bd1 Nf4 30. Rf1 Ke5 31. b3 b5 32. Nb1 Rf8 33. Re1+ Kd6 34. Kg1 Nd5 35. Nd2 Nc3 36. Bg4 h5 37. Bf3 Nxf3+ 38. Nxf3 Nxa2 39. Rd1+ Kc5 40. Ng5 Kb4 41. Nxe6 Rf6 42. Nd4 Kc3 43. g3 b4 44. Kg2 Rb6 45. g4 hxg4 46. hxg4 a5 47. Kg3 Nc1 48. Rxc1+ Kxd4 49. Rc4+ Kd3 50. Rc5 a4 51. bxa4 b3 52. a5 Rb8 53. a6 b2 54. a7 b1=Q 55. axb8=Q Qxb8+ 56. Kh4 Qd8+ 57. Kh3 Qh8+ 58. Kg3 Qd4 59. Rc8 Qe3+ 60. Kh4 Qe7+ 61. Kg3 Qe5+ 62. Kh4 Qf6+ 63. Kg3 Ke2 64. Re8+ Kf1 65. Rc8 Qd6+ 66. Kh4 Qe7+ 67. Kg3 g5 68. Rc1+ Ke2 69. Rc8 Qe3+ 70. Kh2 Qf4+ 71. Kh1 Qf1+ 72. Kh2 Qf2+ 73. Kh1 Qh4+ 0-1


[Site "https://www.chess.com"]

[Event "Titled Tuesday Blitz March 28 Early 2023"]
[White "Hansen, Eric"]
[Black "Samant Aditya S"]
[WhiteFideId "2606771"]
[BlackFideId "35080580"]
[WhiteElo "2569"]
[BlackElo "2362"]
[Result "0-1"]
[Round "09"]
[TimeControl "180+2"]
[Date "2023.03.28"]
[WhiteClock "0:00:01"]
[BlackClock "0:00:04"]

1. e4 c5 2. Nf3 d6 3. d4 cxd4 4. Nxd4 Nf6 5. Nc3 Nc6 6. Bg5 Qb6 7. Nb3 e6 8. Qd2 a6 9. O-O-O Be7 10. f3 O-O 11. g4 Qc7 12. h4 b5 13. Ne2 Ne5 14. Nbd4 Bb7 15. Ng3 Rac8 16. Kb1 Nxf3 17. Nxf3 Nxe4 18. Nxe4 Bxe4 19. Bd3 Bxf3 20. Bxh7+ Kxh7 21. Qd3+ Kg8 22. Qxf3 Qxc2+ 23. Ka1 f6 24. Be3 d5 25. h5 Qe4 26. Qh3 Rc2 27. Rhe1 Qb4 28. Bd4 e5 29. Bc3 Qc4 30. Kb1 Re2 31. Rxe2 Qxe2 32. Rxd5 b4 33. Bxe5 fxe5 0-1


[Site "https://www.chess.com"]

[Event "Titled Tuesday Blitz March 28 Early 2023"]
[White "Moroni, Luca Jr"]
[Black "Subelj, Jan"]
[WhiteFideId "865834"]
[BlackFideId "14618583"]
[WhiteElo "2569"]
[BlackElo "2474"]
[Result "0-1"]
[Round "09"]
[TimeControl "180+2"]
[Date "2023.03.28"]
[WhiteClock "0:00:07"]
[BlackClock "0:00:18"]

1. b3 b6 2. Bb2 Bb7 3. e3 e6 4. Nf3 Nf6 5. Rg1 Be7 6. g4 O-O 7. g5 Ne4 8. h4 d6 9. d3 Nc5 10. Nbd2 Ncd7 11. h5 e5 12. Bh3 Re8 13. Ne4 Nf8 14. Qe2 Nbd7 15. O-O-O a5 16. Nh4 d5 17. Bxd7 Nxd7 18. Ng3 Bxg5 19. Ngf5 Bxh4 20. Nxg7 Kh8 21. Nxe8 Qxe8 22. Qg4 Bf6 23. f4 Qe6 24. f5 Qe7 25. h6 a4 26. Rg3 a3 27. Ba1 Re8 28. Rdg1 Qd8 29. Qh5 Rf8 30. Rg7 Qe8 31. Bc3 c5 32. Be1 e4 33. dxe4 Qe5 34. Qxf7 Qb2+ 35. Kd1 Qa1+ 36. Ke2 Ba6+ 37. c4 Bxc4+ 38. bxc4 Qxa2+ 39. Bd2 Qxc4+ 40. Ke1 Bh4+ 41. Kd1 Qb3+ 42. Ke2 Qb5+ 43. Kf3 Ne5+ 44. Kf4 Nxf7 45. Bc3 d4 46. exd4 Bf6 47. e5 cxd4 48. Bxd4 Bxe5+ 49. Bxe5 Qxe5+ 50. Kg4 Nxh6+ 51. Kh5 Qxg7 0-1


[Site "https://www.chess.com"]

[Event "Titled Tuesday Blitz March 28 Early 2023"]
[White "Rakhmanov, Aleksandr"]
[Black "Aaditya Dhingra"]
[WhiteFideId "4173708"]
[BlackFideId "25678191"]
[WhiteElo "2530"]
[BlackElo "2083"]
[Result "1-0"]
[Round "09"]
[TimeControl "180+2"]
[Date "2023.03.28"]
[WhiteClock "0:00:17"]
[BlackClock "0:00:03"]

1. c4 c6 2. d4 d5 3. cxd5 cxd5 4. Nf3 Nf6 5. Nc3 Nc6 6. Bf4 Bf5 7. e3 e6 8. Qb3 Bb4 9. Ne5 Qe7 10. Bb5 Rc8 11. O-O O-O 12. Bxc6 bxc6 13. Rfc1 c5 14. dxc5 Bxc5 15. Na4 Bd6 16. Nc6 Qd7 17. Bxd6 Qxd6 18. Nxa7 Rxc1+ 19. Rxc1 Ng4 20. f4 Qa6 21. Nb5 Qa5 22. Nac3 Nxe3 23. Nd4 Bg6 24. Nc6 Qc7 25. Ne2 Nc4 26. Ned4 Qxf4 27. Rf1 Qd6 28. Qb7 e5 29. Ne7+ Kh8 30. Ndc6 Nd2 31. Rc1 e4 32. Nd4 Qf4 33. h3 Qe3+ 34. Kh1 Qxd4 35. Rc8 h5 36. Rxf8+ Kh7 37. Qb8 Kh6 38. h4 Nc4 39. Qf4+ Kh7 40. Qb8 Qd1+ 41. Kh2 Kh6 42. Rh8+ Bh7 43. Qf4+ 1-0


[Site "https://www.chess.com"]

[Event "Titled Tuesday Blitz March 28 Early 2023"]
[White "Salinas Herrera, Pablo"]
[Black "Amilal Munkhdalai"]
[WhiteFideId "3407128"]
[BlackFideId "4903250"]
[WhiteElo "2550"]
[BlackElo "2293"]
[Result "0-1"]
[Round "09"]
[TimeControl "180+2"]
[Date "2023.03.28"]
[WhiteClock "0:00:27"]
[BlackClock "0:00:25"]

1. d4 Nf6 2. Nf3 d5 3. Bf4 e6 4. e3 Bd6 5. Nbd2 O-O 6. Bd3 c5 7. c3 Qc7 8. Bxd6 Qxd6 9. Ne5 b6 10. f4 Ba6 11. Bc2 cxd4 12. exd4 Bb7 13. Qf3 Nbd7 14. g4 Ne8 15. g5 Nxe5 16. fxe5 Qe7 17. h4 f5 18. gxf6 gxf6 19. Qg4+ Kh8 20. Nf3 f5 21. Qf4 b5 22. Ng5 Rg8 23. O-O-O b4 24. cxb4 Nc7 25. Kb1 a5 26. bxa5 Rxa5 27. Rh3 Rga8 28. a3 Ba6 29. Rg1 Bc4 30. Rhg3 Nb5 31. Bxf5 Nxa3+ 32. Kc1 Rc8 33. Bxe6 Bd3+ 34. Bxc8 Qc7+ 0-1


[Site "https://www.chess.com"]

[Event "Titled Tuesday Blitz March 28 Early 2023"]
[White "Kovalev, Vladislav"]
[Black "Poormosavi, Seyed Kian"]
[WhiteFideId "13504398"]
[BlackFideId "12585807"]
[WhiteElo "2555"]
[BlackElo "2334"]
[Result "1-0"]
[Round "09"]
[TimeControl "180+2"]
[Date "2023.03.28"]
[WhiteClock "0:02:31"]
[BlackClock "0:02:20"]

1. e4 c6 2. Nf3 d5 3. d3 dxe4 4. dxe4 Qxd1+ 5. Kxd1 Nf6 6. Nbd2 g6 7. Ne5 Nbd7 8. Nec4 Bg7 9. f3 O-O 10. a4 Nb6 11. c3 Be6 12. a5 Nxc4 13. Bxc4 Bxc4 14. Nxc4 Rfd8+ 15. Kc2 Nd7 16. Bf4 Ne5 17. Bxe5 f6 18. Bg3 e5 19. Rhd1 Bf8 20. Rxd8 Rxd8 21. Bf2 a6 22. Rd1 Rxd1 23. Kxd1 Kf7 24. b4 Ke6 25. Bc5 Bh6 26. Nd6 1-0


[Site "https://www.chess.com"]

[Event "Titled Tuesday Blitz March 28 Early 2023"]
[White "Danielyan, Vahe"]
[Black "Pichot, Alan"]
[WhiteFideId "13304828"]
[BlackFideId "110973"]
[WhiteElo "2423"]
[BlackElo "2573"]
[Result "1-0"]
[Round "09"]
[TimeControl "180+2"]
[Date "2023.03.28"]
[WhiteClock "0:00:05"]
[BlackClock "0:00:01"]

1. Nf3 d5 2. g3 Bg4 3. Bg2 Nd7 4. d4 c6 5. O-O e6 6. c4 Bd6 7. Nc3 Ngf6 8. Qb3 Qb6 9. c5 Qxb3 10. axb3 Bc7 11. b4 O-O 12. b5 Ne4 13. bxc6 bxc6 14. Nxe4 dxe4 15. Ng5 Bxe2 16. Re1 Bd3 17. Nxe4 Rfd8 18. Nc3 Nb8 19. Be3 a5 20. b4 Ra6 21. bxa5 Bxa5 22. Ra3 Bc4 23. Rc1 Bxc3 24. Rxa6 Nxa6 25. Rxc3 Bd5 26. Ra3 Nb4 27. Ra4 Bxg2 28. Kxg2 Nd5 29. Ra6 Rc8 30. Kf3 Kf8 31. Bf4 Ke7 32. Bd6+ Kf6 33. Ra7 Kg6 34. h4 h5 35. g4 hxg4+ 36. Kxg4 Rh8 37. Ra6 Nf6+ 38. Kh3 Rc8 39. f3 Kf5 40. Ra7 Kg6 41. Be5 Nd5 42. h5+ Kxh5 43. Rxf7 g5 44. Rd7 Rf8 45. Kg3 Ne3 46. Rc7 Nf1+ 47. Kf2 Nd2 48. f4 gxf4 49. Rxc6 f3 50. Rxe6 Ne4+ 51. Kf1 Ra8 52. d5 Ra2 53. Bd4 Ng3+ 54. Ke1 Ne2 55. Be3 Nc3 56. d6 Re2+ 57. Kf1 Nd5 58. d7 Nxe3+ 59. Rxe3 Rxe3 60. d8=Q Kg4 61. c6 Re2 62. Qg8+ 1-0


[Site "https://www.chess.com"]

[Event "Titled Tuesday Blitz March 28 Early 2023"]
[White "Ashraf, Artin"]
[Black "Tica, Sven"]
[WhiteFideId "22514805"]
[BlackFideId "14526948"]
[WhiteElo "2188"]
[BlackElo "2348"]
[Result "1/2-1/2"]
[Round "09"]
[TimeControl "180+2"]
[Date "2023.03.28"]
[WhiteClock "0:00:04"]
[BlackClock "0:00:14"]

1. Nf3 g6 2. d4 Bg7 3. e4 d6 4. Bb5+ Nd7 5. O-O a6 6. Bc4 e6 7. a4 Ne7 8. a5 b5 9. axb6 cxb6 10. Qe2 O-O 11. Bf4 e5 12. dxe5 dxe5 13. Bg5 h6 14. Bh4 g5 15. Bg3 Bb7 16. Nc3 b5 17. Bb3 Qc7 18. h4 b4 19. Na4 a5 20. Rfd1 g4 21. Nh2 Nf6 22. Nxg4 Nxe4 23. Qe3 Nf5 24. Qe1 h5 25. Ne3 Nexg3 26. fxg3 Nxe3 27. Qxe3 Rad8 28. Nc5 Ba8 29. Ne4 Qc6 30. Rxd8 Rxd8 31. Re1 Rd4 32. Qf3 Qb7 33. Qxh5 Rxe4 34. Rxe4 Qxe4 35. Qxf7+ Kh7 36. Qg8+ Kh6 37. Qe6+ Kh7 38. Qg8+ Kh6 39. Qe6+ Kh7 40. Qg8+ 1/2-1/2


[Site "https://www.chess.com"]

[Event "Titled Tuesday Blitz March 28 Early 2023"]
[White "Real_OceanStorm"]
[Black "Shivakumar, Shawnak"]
[BlackFideId "30940192"]
[WhiteElo "2796"]
[BlackElo "2089"]
[Result "1-0"]
[Round "09"]
[TimeControl "180+2"]
[Date "2023.03.28"]
[WhiteClock "0:01:25"]
[BlackClock "0:00:46"]

1. e4 e5 2. Nf3 Nf6 3. d4 Nxe4 4. Nxe5 d6 5. Nf3 d5 6. Nbd2 Nc6 7. c3 Bd6 8. Nxe4 dxe4 9. Ng5 O-O 10. Bc4 h6 11. Nxe4 Re8 12. Qf3 Qe7 13. O-O Qxe4 14. Qxf7+ Kh8 15. f3 Qe7 16. Qh5 Be6 17. Bd3 Qf6 18. Bg6 Re7 19. Be3 Bf7 20. Bxf7 Qxf7 21. Qb5 Rxe3 22. Qxb7 Qe8 23. b4 Rb8 24. Qa6 Rb6 25. Qc4 Qh5 26. g3 Re2 27. Qxe2 a5 28. bxa5 Qxa5 29. Qe8+ Kh7 30. Rfd1 Qxc3 31. Qe4+ Kh8 32. Rac1 Qa3 33. Rxc6 Rb2 34. Rc2 Rxc2 35. Qxc2 Qxf3 36. Re1 Qd5 37. Re8+ 1-0


[Site "https://www.chess.com"]

[Event "Titled Tuesday Blitz March 28 Early 2023"]
[White "Naroditsky, Daniel"]
[Black "Zhao, Jun"]
[WhiteFideId "2026961"]
[BlackFideId "8602522"]
[WhiteElo "2633"]
[BlackElo "2547"]
[Result "0-1"]
[Round "09"]
[TimeControl "180+2"]
[Date "2023.03.28"]
[WhiteClock "0:00:03"]
[BlackClock "0:00:09"]

1. d4 Nf6 2. Nc3 d5 3. Bf4 e6 4. Nb5 Na6 5. e3 c6 6. Nc3 b6 7. Nf3 Bb7 8. Ne5 Nc7 9. Bd3 Nd7 10. Qh5 g6 11. Qf3 Bg7 12. Nxf7 Kxf7 13. Bxc7+ Qf6 14. Qg3 e5 15. O-O Rac8 16. Bxe5 Nxe5 17. dxe5 Qxe5 18. f4 Qd6 19. Qh3 Bf6 20. e4 Bxc3 21. bxc3 dxe4 22. Bxe4 Rce8 23. Rae1 Ba6 24. Bd3 Bxd3 25. cxd3 Kg7 26. d4 Rhf8 27. Re5 Re7 28. Rfe1 Ref7 29. g3 Qa3 30. R5e3 Qxa2 31. Qg4 Qd5 32. Re5 Qc4 33. Qf3 a5 34. h4 a4 35. h5 a3 36. Re6 Rf6 37. Re7+ R8f7 38. Re8 a2 39. h6+ Kxh6 40. Rg8 Qd5 41. Qe2 Re6 42. Qh2+ Qh5 43. Qxh5+ Kxh5 44. Ra1 Ra7 45. Kf2 Kg4 46. f5 Kxf5 47. Kf3 Kf6 48. Rb8 b5 49. Rb6 Ra3 50. Kg2 Re2+ 51. Kf1 Rb2 52. Rxc6+ Kg5 53. Rc5+ Kg4 0-1


[Site "https://www.chess.com"]

[Event "Titled Tuesday Blitz March 28 Early 2023"]
[White "Wei, Yi"]
[Black "Hamitevici, Vladimir"]
[WhiteFideId "8603405"]
[BlackFideId "13902393"]
[WhiteElo "2686"]
[BlackElo "2401"]
[Result "1-0"]
[Round "09"]
[TimeControl "180+2"]
[Date "2023.03.28"]
[WhiteClock "0:00:42"]
[BlackClock "0:00:02"]

1. b3 g6 2. Bb2 Nf6 3. g3 Bg7 4. Bg2 O-O 5. Nf3 d5 6. c4 e6 7. O-O Qe7 8. d4 Rd8 9. e3 c5 10. Nc3 dxc4 11. bxc4 Nc6 12. Rc1 b6 13. Ne5 Nxe5 14. Bxa8 Nxc4 15. Ba1 cxd4 16. exd4 Nd5 17. Re1 Qd7 18. Qf3 Ba6 19. Bxd5 exd5 20. Rc2 b5 21. Rce2 Bf8 22. Qf6 Qd6 23. Nxd5 Qxd5 24. Qxa6 Rd7 25. Qf6 Nd6 26. Re5 Qxa2 27. d5 Qc4 28. R5e4 1-0


[Site "https://www.chess.com"]

[Event "Titled Tuesday Blitz March 28 Early 2023"]
[White "Makhnev, Denis"]
[Black "Matinian, Nikita"]
[WhiteFideId "13707647"]
[BlackFideId "24129100"]
[WhiteElo "2525"]
[BlackElo "2422"]
[Result "1-0"]
[Round "09"]
[TimeControl "180+2"]
[Date "2023.03.28"]
[WhiteClock "0:01:03"]
[BlackClock "0:00:01"]

1. d4 Nf6 2. Nc3 d5 3. Bf4 c6 4. e3 g6 5. Bd3 Qb6 6. a3 Bg7 7. h4 h5 8. Nf3 Bg4 9. Qc1 Nbd7 10. Ne5 Bf5 11. b4 Bxd3 12. cxd3 Nxe5 13. Bxe5 O-O 14. Rb1 Qd8 15. Ne2 Nd7 16. Bxg7 Kxg7 17. Qc3 Rc8 18. Nf4 e6 19. g3 Qf6 20. O-O Qf5 21. Kg2 Nf6 22. a4 Ng4 23. Qd2 e5 24. dxe5 Qxe5 25. Rfc1 a6 26. Qc3 Rfd8 27. Qxe5+ Nxe5 28. Rb3 Rd6 29. Ne2 Ng4 30. Nd4 Ne5 31. Rbc3 Rdd8 32. Nb3 Rc7 33. Kf1 f6 34. Ke2 g5 35. Nd4 Kf7 36. Rh1 g4 37. Rhc1 Kg6 38. Ne6 d4 39. exd4 Nf3 40. Nxc7 1-0


[Site "https://www.chess.com"]

[Event "Titled Tuesday Blitz March 28 Early 2023"]
[White "Vlassov, Nikolai"]
[Black "Grigoriants, Sergey"]
[WhiteFideId "4103360"]
[BlackFideId "4130804"]
[WhiteElo "2324"]
[BlackElo "2502"]
[Result "1-0"]
[Round "09"]
[TimeControl "180+2"]
[Date "2023.03.28"]
[WhiteClock "0:00:10"]
[BlackClock "0:00:06"]

1. e4 c6 2. d4 d5 3. e5 Bf5 4. Nc3 e6 5. g4 Bg6 6. Nge2 c5 7. Be3 Nc6 8. dxc5 Nxe5 9. Nf4 Nf6 10. Bb5+ Nc6 11. h4 h5 12. Nxg6 fxg6 13. Qd3 Kf7 14. Bxc6 bxc6 15. gxh5 Rxh5 16. O-O-O Rb8 17. Rhg1 Rf5 18. Rg5 Qa5 19. Rdg1 Qb4 20. Rxg6 Qxb2+ 21. Kd2 Qb4 22. Ke2 Qxh4 23. R6g5 Rb4 24. Rxf5 exf5 25. Qxf5 d4 26. Qg6+ Kg8 27. Bg5 Qh5+ 28. Qxh5 Nxh5 29. Ne4 Ra4 30. Kd3 Kf7 31. Rb1 Nf6 32. Rb7+ Ke6 33. Bxf6 gxf6 34. f4 f5 35. Ng5+ Kd5 36. Rd7+ Kxc5 37. Ne6+ Kb6 38. Nxf8 c5 39. Ne6 Ra3+ 40. Kd2 Rxa2 41. Rd6+ Kb5 42. Rd5 a5 43. Rxc5+ Kb4 44. Rxf5 Kc4 45. Rc5+ Kb4 46. Rc8 Ra1 47. Nxd4 1-0


[Site "https://www.chess.com"]

[Event "Titled Tuesday Blitz March 28 Early 2023"]
[White "Ismagilov, Damir"]
[Black "Zhigalko, Sergei"]
[WhiteFideId "34199982"]
[BlackFideId "13502956"]
[WhiteElo "2078"]
[BlackElo "2626"]
[Result "1-0"]
[Round "09"]
[TimeControl "180+2"]
[Date "2023.03.28"]
[WhiteClock "0:00:16"]
[BlackClock "0:00:01"]

1. d4 Nf6 2. Bf4 d5 3. e3 c5 4. c3 Nc6 5. Nd2 Bf5 6. Qb3 Qd7 7. Ngf3 c4 8. Qd1 e6 9. Nh4 b5 10. Nxf5 exf5 11. Be2 Bd6 12. O-O O-O 13. Nf3 Rfe8 14. Qc2 Ne4 15. Rad1 b4 16. Bxd6 Qxd6 17. Nd2 Rab8 18. Nxe4 fxe4 19. b3 cxb3 20. axb3 bxc3 21. Qxc3 Rec8 22. Ba6 Rc7 23. Rc1 Rb6 24. Be2 g6 25. Qc5 Qe6 26. b4 Rcb7 27. b5 Ne7 28. Qa3 h5 29. Rc5 Qd6 30. Rfc1 Kg7 31. Qa2 Kh6 32. h3 Kg7 33. Qc2 Rd7 34. Rc7 Rb7 35. Rxd7 Rxd7 36. Qc5 Qb8 37. Ra1 Rc7 38. Qa3 Nf5 39. Bf1 Qc8 40. Qb3 Ne7 41. Ra6 Rc1 42. Qb2 Nf5 43. Ra1 1-0


[Site "https://www.chess.com"]

[Event "Titled Tuesday Blitz March 28 Early 2023"]
[White "Harsha Bharathakoti"]
[Black "Domingo Nunez, Alejandro"]
[WhiteFideId "5078776"]
[BlackFideId "22245561"]
[WhiteElo "2481"]
[BlackElo "2230"]
[Result "1/2-1/2"]
[Round "09"]
[TimeControl "180+2"]
[Date "2023.03.28"]
[WhiteClock "0:00:09"]
[BlackClock "0:00:09"]

1. Nf3 g6 2. d4 Bg7 3. e4 c6 4. Nc3 d5 5. Bd3 dxe4 6. Nxe4 Nf6 7. Nxf6+ exf6 8. h3 O-O 9. O-O a5 10. c4 Na6 11. a3 Nc7 12. Be3 b5 13. Qc1 Re8 14. Bh6 bxc4 15. Bxc4 Bf5 16. Bxg7 Kxg7 17. Re1 Be4 18. Be2 Ne6 19. Qc3 Nf4 20. Bf1 Qd5 21. Re3 Bxf3 22. Rxf3 Ne2+ 23. Bxe2 Rxe2 24. Rc1 Ra6 25. Re3 Rxe3 26. Qxe3 Rb6 27. Rc5 Qa2 28. Rxa5 Rxb2 29. Ra8 Re2 30. Qf3 Re1+ 31. Kh2 Qe6 32. Qf4 Re4 33. Qb8 Kh6 34. Qf8+ Kh5 35. Rd8 Qf5 36. g4+ Rxg4 37. hxg4+ Kxg4 38. Qb4 Qxf2+ 39. Kh1 Qf1+ 40. Kh2 Qf2+ 41. Kh1 Qf1+ 42. Kh2 Qf2+ 1/2-1/2


[Site "https://www.chess.com"]

[Event "Titled Tuesday Blitz March 28 Early 2023"]
[White "Khumalo, Keith"]
[Black "Rustemov, Alexander"]
[WhiteFideId "14319470"]
[BlackFideId "4119002"]
[WhiteElo "2056"]
[BlackElo "2862"]
[Result "0-1"]
[Round "09"]
[TimeControl "180+2"]
[Date "2023.03.28"]
[WhiteClock "0:00:16"]
[BlackClock "0:00:10"]

1. d4 d5 2. c4 c6 3. Nf3 Nf6 4. Qc2 dxc4 5. Qxc4 Bf5 6. g3 e6 7. Bg2 Be7 8. O-O O-O 9. a4 a5 10. Nc3 Na6 11. Ne5 h6 12. e4 Bh7 13. f3 Nb4 14. Rd1 Rc8 15. Na2 Qb6 16. Be3 Rfd8 17. Nc1 Qa6 18. Qxa6 Nxa6 19. Nb3 Bb4 20. Bf1 Nb8 21. Nd3 g5 22. Nxb4 axb4 23. g4 Nbd7 24. Rdc1 Ra8 25. Bd2 e5 26. Bxb4 exd4 27. Be7 Re8 28. Bxf6 Nxf6 29. Nxd4 Red8 30. Nb3 Nd7 31. Rd1 Ne5 32. Rxd8+ Rxd8 33. Kf2 f6 34. Ke3 Kf8 35. Nc5 Ke7 36. b4 b6 37. Nb3 Bg8 38. Nd4 Ra8 39. a5 Be6 40. a6 Bd7 41. Rc1 Kd6 42. Rd1 Kc7 43. Rc1 Kd6 44. Be2 b5 45. Ra1 Kc7 46. Nb3 Kb6 47. Nc5 Bc8 48. h4 Bxa6 49. hxg5 hxg5 50. f4 Ng6 51. fxg5 fxg5 52. Bd3 Ne5 53. Be2 Ra7 54. Ra2 Bc8 55. Rxa7 Kxa7 56. Kd4 Nxg4 57. e5 Kb6 58. e6 Nh6 59. Ke5 Ng8 60. Kd6 Nf6 61. e7 g4 62. Ke5 Ne8 63. Kf4 Kc7 64. Ne4 Bd7 65. Bd1 Be6 66. Ke5 Bc8 67. Be2 Bd7 68. Kf4 Bc8 69. Bxg4 Bxg4 70. Kxg4 Kd7 71. Kf5 Kxe7 72. Ke5 Kd7 73. Nc5+ Kc7 74. Ke6 Kb6 75. Nd7+ Kc7 76. Ne5 Ng7+ 77. Kf6 Nh5+ 78. Kf5 Ng3+ 79. Kf4 Ne2+ 80. Ke3 Nc3 81. Nd3 Nd5+ 82. Kd4 Kd6 83. Ke4 Nb6 84. Kd4 Nd7 85. Kc3 Kc7 86. Kd4 Kb6 87. Kc3 Nf6 88. Kd4 Nd5 89. Ke5 Ne3 90. Kd4 Nf5+ 91. Kc3 Ne7 92. Ne5 Kc7 93. Nd3 Kd6 94. Kd4 Nf5+ 95. Ke4 Ng7 96. Kd4 Ne6+ 97. Kc3 Kd5 98. Nc1 Ke4 99. Ne2 Nc7 100. Ng3+ Ke5 101. Ne2 Nd5+ 102. Kb3 Ke4 103. Nc1 Nf4 104. Kc3 Ke3 105. Nb3 Nd5+ 106. Kb2 Nxb4 107. Na5 Kd4 108. Kb3 Kc5 109. Nb7+ Kb6 110. Nd6 Na6 111. Kb2 c5 112. Nf5 b4 113. Ne3 Kb5 114. Kb3 c4+ 115. Kb2 Nc5 116. Nd5 Nd3+ 117. Kc2 Kc5 118. Ne3 Ne5 119. Nf5 Nc6 120. Kd2 Nd4 121. Ne3 b3 122. Nd1 Kb4 123. Ke3 Nb5 124. Kd2 c3+ 125. Kd3 c2 0-1


[Site "https://www.chess.com"]

[Event "Titled Tuesday Blitz March 28 Early 2023"]
[White "Annaberdiyev, Meylis"]
[Black "demon64fields"]
[WhiteFideId "14000563"]
[WhiteElo "2416"]
[BlackElo "2853"]
[Result "0-1"]
[Round "09"]
[TimeControl "180+2"]
[Date "2023.03.28"]
[WhiteClock "0:01:04"]
[BlackClock "0:01:06"]

1. e4 g6 2. d4 Bg7 3. Nc3 c6 4. Bc4 d5 5. exd5 Nf6 6. Bg5 O-O 7. Bxf6 Bxf6 8. Nge2 b5 9. Bb3 b4 10. Ne4 Bg7 11. dxc6 Nxc6 12. O-O Nxd4 13. Nxd4 Qxd4 14. Qf3 Bb7 15. Nf6+ Bxf6 16. Qxb7 a5 17. a4 Qxb2 18. Rad1 Kg7 19. g3 Qc3 20. Rd3 Qc8 21. Qf3 Qc7 22. h4 h5 23. Rd5 Rad8 24. Rb5 Rd4 25. Re1 Rfd8 26. Kg2 Rd2 27. Rb7 Qc5 28. Rexe7 Bxe7 29. Qxf7+ Kh6 30. Rxe7 Rxf2+ 31. Qxf2 Qxe7 32. Qb6 Rd2+ 33. Kh3 Qe2 34. Qg1 Qg4# 0-1


[Site "https://www.chess.com"]

[Event "Titled Tuesday Blitz March 28 Early 2023"]
[White "Bodnaruk, Anastasia"]
[Black "Moussard, Jules"]
[WhiteFideId "4181751"]
[BlackFideId "642908"]
[WhiteElo "2310"]
[BlackElo "2610"]
[Result "1-0"]
[Round "09"]
[TimeControl "180+2"]
[Date "2023.03.28"]
[WhiteClock "0:00:20"]
[BlackClock "0:00:31"]

1. e4 c5 2. Nc3 d6 3. Nge2 Nf6 4. d4 cxd4 5. Nxd4 a6 6. Nb3 e6 7. Be3 b5 8. f3 Bb7 9. a3 Nbd7 10. g4 Ne5 11. g5 Nfd7 12. Qe2 Rc8 13. O-O-O Nc4 14. f4 Nxa3 15. Bd4 Nc4 16. Bh3 b4 17. Nd5 a5 18. Nd2 Nxd2 19. Rxd2 Nc5 20. Kb1 Ba6 21. Qe3 Qd7 22. Rhd1 Qc6 23. f5 e5 24. Bxc5 Qxc5 25. Qf3 h6 26. f6 g6 27. Bxc8 Bxc8 28. Ne7 b3 29. Qxb3 Bxe7 30. fxe7 Kxe7 31. Qf3 hxg5 32. Rxd6 Be6 33. Qd3 Rb8 34. Rxe6+ Kxe6 35. Qd7+ Kf6 36. Rf1+ Kg7 37. Rxf7+ Kg8 38. Rg7+ Kf8 39. Qf7# 1-0


[Site "https://www.chess.com"]

[Event "Titled Tuesday Blitz March 28 Early 2023"]
[White "Kaidanov, Gregory"]
[Black "Pakleza, Zbigniew"]
[WhiteFideId "2008564"]
[BlackFideId "1119290"]
[WhiteElo "2547"]
[BlackElo "2410"]
[Result "0-1"]
[Round "09"]
[TimeControl "180+2"]
[Date "2023.03.28"]
[WhiteClock "0:00:04"]
[BlackClock "0:00:12"]

1. Nf3 Nf6 2. g3 d5 3. Bg2 Bf5 4. O-O e6 5. d3 Be7 6. c4 c6 7. Qb3 Qb6 8. Qc2 Nbd7 9. Nh4 Bg4 10. h3 Bh5 11. g4 Bg6 12. Nxg6 hxg6 13. e3 g5 14. e4 dxe4 15. dxe4 Qc7 16. Re1 Nh7 17. Nc3 Nhf8 18. e5 Nxe5 19. Ne4 f6 20. c5 Rd8 21. Be3 Nfg6 22. Red1 Kf7 23. Qb3 Nf4 24. Nd6+ Bxd6 25. cxd6 Qd7 26. Bxa7 Neg6 27. Bb6 Nxg2 28. Bxd8 N6f4 29. Bb6 Rxh3 30. Be3 Nh4 31. Bxf4 Rxb3 32. axb3 gxf4 33. Ra7 Nf3+ 34. Kg2 Ne5 35. f3 Kg6 36. Rd4 c5 37. Rd1 Qc6 38. Rf1 Qxd6 39. Rxb7 Nxg4 40. fxg4 Qc6+ 41. Kh3 Qxb7 42. Rxf4 Qxb3+ 43. Kh4 Qxb2 44. Rf3 Qh2+ 45. Rh3 Qxh3+ 46. Kxh3 Kg5 0-1


[Site "https://www.chess.com"]